 Dungeon Crawl Stone Soup version 0.27-a0-931-g5a74e75d8f (webtiles) character file.

Game seed: 17205556382582237915

97 jestyr24 the Conjurer (level 5, -5/35 HPs)
             Began as a Human Conjurer on Apr 11, 2021.
             Killed by divine providence
             ... invoked by an orc priest
              (8 damage)
             ... on level 4 of the Dungeon.
             The game lasted 00:08:09 (3291 turns).

jestyr24 the Conjurer (Human Conjurer)              Turns: 3291, Time: 00:08:10

Health: -5/35      AC:  6    Str:  6 (7)  XL:     5   Next: 0%
Magic:  2/8        EV: 12    Int: 18 (20) God:
Gold:   90         SH:  0    Dex: 10 (11) Spells: 8/9 levels left

rFire    . . .     SeeInvis .   e - +4 short sword
rCold    . . .     Faith    .   (no shield)
rNeg     . . .     Spirit   .   a - +0 robe
rPois    .         Reflect  .   (no helmet)
rElec    .         Harm     .   (no cloak)
rCorr    .         Rampage  .   (no gloves)
Will     .....                  (no boots)
Stlth    ++........             d - amulet of the acrobat
HPRegen  0.11/turn              p - +4 ring of protection
MPRegen  0.11/turn              (no ring)

@: brilliant
A: no striking features
a: no special abilities


You were on level 4 of the Dungeon.
You visited 1 branch of the dungeon, and saw 4 of its levels.

You collected 90 gold pieces.

Inventory:

Hand Weapons
 b - a +0 dagger
 e - a +4 short sword (weapon)
 f - a +0 whip of venom
Armour
 a - a +0 robe (worn)
Jewellery
 d - an amulet of the acrobat (around neck)
 p - a +4 ring of protection (left hand)
Scrolls
 c - a scroll of identify


   Skills:
 + Level 0.2 Fighting
 - Level 1.0 Short Blades
 + Level 2.3 Dodging
 + Level 2.7 Stealth
 + Level 2.6 Spellcasting
 + Level 4.9 Conjurations


You had 8 spell levels left.
You knew the following spells:

 Your Spells              Type           Power      Damage    Failure   Level
a - Magic Dart            Conj           100%       1d8       2%          1

Your spell library contained the following spells:

 Spells                   Type           Power      Damage    Failure   Level
 Searing Ray              Conj           60%        3d5       3%          2
 Dazzling Flash           Conj/Hex       32%        N/A       19%         3
 Fulminant Prism          Conj/Hex       8%         3d7       52%         4
 Iskenderun's Mystic Bla  Conj/Tloc      16%        2d5       52%         4


Dungeon Overview and Level Annotations

Branches:
Dungeon (4/15)
 Temple: D:4-7

Altars:


Message History

The magic dart hits the orc.
The orc is heavily wounded.
The magic dart hits the orc.
The orc is almost dead.
The magic dart hits the orc.
You kill the orc!
You have reached level 5!
The magic dart hits the orc priest.
The orc priest is moderately wounded.
The magic dart hits the orc priest.
The orc priest is heavily wounded.
The magic dart hits the orc priest.
The orc priest is severely wounded.
You are too depleted to draw on your mana recklessly!
The orc priest calls upon Beogh to heal the orc.
The orc's wounds heal themselves!
The orc priest looks encouraged for a moment.
The orc closely misses you.
You barely miss the orc.
The orc priest invokes the aid of Beogh against you.
Beogh smites you!
You hit the orc but do no damage. The orc hits you with a +0 falchion.
You closely miss the orc. The orc hits you but does no damage.
The orc priest looks encouraged for a moment.
You closely miss the orc. The orc closely misses you.
The orc priest closely misses you.
You barely miss the orc. The orc hits you but does no damage.
The orc priest hits you with a +0 hand axe.
The orc priest calls down the wrath of Beogh upon you.
Beogh smites you!
* * * LOW HITPOINT WARNING * * *
Okay, then.
It was a potion of cancellation.
You feel magically purged. The orc hits you but does no damage.
It was a potion of brilliance.
You feel clever all of a sudden. The orc closely misses you.
The orc priest calls down the wrath of Beogh upon you.
Beogh smites you!
You die...

#################
#>..............#
#.####.########.####
#.##...# #........
##)##.### #.###.###
#.oo@.# #.###.###
#..##########.......#
#........#...####...#
#......#.#.#........#
#......#.#.#..###...#
#......#.#....<...#.#
#)..............[...
.....#...........[.#
####)##.###.#........


You could see an orc priest and an orc.

Vanquished Creatures
  4 adders (D:2)
  A dart slug (D:1)
  An orc (D:4)
  2 ball pythons
  4 bats
  5 endoplasms
  A giant cockroach (D:4)
  6 goblins
  7 hobgoblins
  7 kobolds
  3 quokkas
  9 frilled lizards
  7 rats
57 creatures vanquished.

Vanquished Creatures (others)
  3 plants (D:3)
3 creatures vanquished.

Grand Total: 60 creatures vanquished

Notes
Turn   | Place    | Note
-------+----------+-------------------------------------------
     0 | D:1      | jestyr24 the Human Conjurer began the quest for the Orb.
     0 | D:1      | Reached XP level 1. HP: 13/13 MP: 3/3
   301 | D:1      | Reached XP level 2. HP: 18/19 MP: 1/5
   817 | D:1      | Reached XP level 3. HP: 24/24 MP: 4/6
   840 | D:1      | Reached skill level 1 in Short Blades
  1893 | D:2      | Reached XP level 4. HP: 30/30 MP: 4/7
  3275 | D:4      | Reached XP level 5. HP: 35/35 MP: 3/8
  3291 | D:4      | Killed from afar by an orc priest

Illustrated notes

Levels and vault maps discovered:
D:1:      sevenhm_arrival_forest_fort_small_4, layout_rooms,
          grunt_decor_mini_mirrors
D:2:      layout_loops_corners
D:3:      layout_rooms, minivault_11, chequers_decorated_corner,
          chequers_serial_rivers_small_a, minmay_lizard_king
D:4:      layout_basic, uniq_edmund

Skill      XL: |  1  2  3 |
---------------+----------+-----
Short Blades   | 1 |  1.0
Fighting       | |  0.2
Dodging        | |  2.3
Stealth        | |  2.7
Spellcasting   | |  2.6
Conjurations   | |  4.9

Action                   |  1- 3 |  4- 6 || total
-------------------------+-------+-------++-------
Melee: Dagger            |    31 |       ||    31
       Short sword       |     1 |    15 ||    16
 Cast: Magic Dart        |    60 |    34 ||    94
  Use: Scroll            |       |     6 ||     6
       Potion            |       |     4 ||     4
 Stab: Sleeping          |     2 |       ||     2
Armor: Robe              |     4 |     4 ||     8
Dodge: Dodged            |    22 |    14 ||    36

Table legend: (Time is in decaauts)
 A = Elapsed time spent in this place.
 B = Non-inter-level travel time spent in this place.
 C = Inter-level travel time spent in this place.
 D = Time resting spent in this place.
 E = Time spent auto-exploring this place.
 F = Levels seen in this place.
 G = Mean time per level.
                   A        B        C        D        E       F      G
               +--------+--------+--------+--------+--------+-----+--------+
         Total |   3300 |   3219 |     81 |    515 |   2353 |   4 |  825.0 |
       Dungeon |   3300 |   3219 |     81 |    515 |   2353 |   4 |  825.0 |
               +--------+--------+--------+--------+--------+-----+--------+

Top non-repeatable levels by time:
     D:1: 1234 daAuts
     D:2: 1215 daAuts
     D:3: 603 daAuts
     D:4: 247 daAuts
